 Dungeon Crawl Stone Soup version 0.30.1-9-gdf580d7c3d (webtiles) character file.

Game seed: 12091792189368659311

60 Ivernyr the Shield-Bearer (level 4, -2/37 HPs)
             Began as a Formicid Fighter on Sept 30, 2023.
             Slain by a cerulean imp
             ... wielding a +0 spear
             ... summoned by Natasha
              (4 damage)
             ... on level 2 of the Dungeon.
             The game lasted 00:02:13 (1037 turns).

Ivernyr the Shield-Bearer (Formicid Fighter)        Turns: 1037, Time: 00:02:14

Health: -2/37      AC:  8    Str: 20    XL:     4   Next: 25%
Magic:  4/4        EV:  9    Int:  8    God:
Gold:   120        SH:  5    Dex: 15    Spells: 3/3 levels left

rFire   . . .        a - +0 long sword
rCold   . . .        c - +0 buckler
rNeg    . . .        b - +0 scale mail
rPois   .            (helmet unavailable)
rElec   .            i - +0 cloak
rCorr   .            (no gloves)
SInv    +            (no boots)
Will    .....        (no amulet) Stlth
                     (no ring)
HPRegen 0.26/turn    (no ring)
MPRegen 0.09/turn

%: no passive effects
@: no status effects
A: permanent stasis, dig shafts and tunnels, antennae 3, four strong arms
a: Dig, Shaft Self


You were on level 2 of the Dungeon.
You visited 1 branch of the dungeon, and saw 2 of its levels.

You collected 120 gold pieces.

Inventory:

Hand Weapons
 a - a +0 long sword (weapon)
Armour
 b - a +0 scale mail (worn)
 c - a +0 buckler (worn)
 i - a +0 cloak (worn)
Scrolls
 f - a scroll of blinking {unknown}
 h - a scroll of identify {unknown}
 j - a scroll of enchant weapon {unknown}
Potions
 d - a potion of might
 e - a potion of heal wounds {unknown}
 g - 4 potions of magic {unknown}


   Skills:
 + Level 3.7 Fighting
 * Level 3.0 Long Blades
 + Level 3.7 Armour
 + Level 4.5 Shields


You had 3 spell levels left.
You didn't know any spells.
Your spell library contained the following spells:

 Spells                   Type           Power      Damage    Failure   Level
 Cigotuvi's Dreadful Rot  Necr/Pois/Air  0%         N/A       92%         2
 Lesser Beckoning         Tloc           0%         N/A       92%         2
 Gell's Gravitas          Tloc           0%         N/A       99%         3
 Ignite Poison            Fire/Tmut/Pois 0%         N/A       99%         3
 Teleport Other           Tloc           0%         N/A       99%         3
 Freezing Cloud           Conj/Ice/Air   0%         6-21      100%        5


Dungeon Overview and Level Annotations

Branches:
Dungeon (2/15)

Altars:

Annotations:
D:2 Jessica, Natasha


Innate Abilities, Weirdness & Mutations

You cannot be hasted, slowed, berserked, paralysed or teleported.
You can dig through walls and to a lower floor.
You have a pair of large antennae on your head. (SInv)
Your four strong arms can wield two-handed weapons with a shield.


Message History

Jessica blinks!
The cerulean imp barely misses you.
Jessica casts a spell.
Jessica blinks!
The goblin hits you with a +0 club.
You hit the goblin.
The goblin is severely wounded.
The goblin hits you but does no damage.
The cerulean imp hits you but does no damage.
You slash the goblin!
You kill the goblin!
The cerulean imp hits you but does no damage.
Natasha mumbles some strange words.
The cerulean imp hits you but does no damage. x2
Jessica casts a spell.
Jessica blinks!
Natasha claws you but does no damage. The cerulean imp completely misses you.
The cerulean imp hits you but does no damage.
Things that are here:
a +0 club; a goblin corpse The cerulean imp attacks as you move away!
You block the cerulean imp's attack.
The cerulean imp hits you from afar with a +1 spear.
The cerulean imp hits you but does no damage.
You miss Natasha. Natasha claws you but does no damage.
The cerulean imp closely misses you. You block the cerulean imp's attack.
The cerulean imp barely misses you. Natasha claws you but does no damage.
You completely miss Natasha. You block the cerulean imp's attack.
The cerulean imp hits you from afar with a +1 spear.
The cerulean imp hits you but does no damage.
Natasha stares at you and mumbles some strange words.
The magic dart hits you!
* * * LOW HITPOINT WARNING * * *
The cerulean imp hits you but does no damage. x2
You miss Natasha.
Jessica gestures wildly while chanting.
Jessica blinks!
You block the cerulean imp's attack.
Natasha zaps a wand.
The puff of flame hits you.
* * * LOW HITPOINT WARNING * * *
The cerulean imp hits you from afar with a +0 spear.
You die...

#................#
#.....#.........(#
......#.....÷....#
†................#
.................#
###..............#
.####............#
.# #............# .#
#########....@#
..[........#####h###
...............555.#
................S..#
###..........§.....#
#................#
#.........@......#
.................#
.........#####+###


You could see Natasha, 3 cerulean imps, an adder and Jessica (fast).

Vanquished Creatures
  Natasha (D:2)
  An adder (D:2)
  4 ball pythons (D:1)
  4 endoplasms (D:1)
  A giant cockroach (D:1)
  2 goblins
  2 hobgoblins (D:2)
  2 quokkas
  3 frilled lizards
  3 kobolds
  2 rats (D:1)
25 creatures vanquished.

Notes
Turn   | Place    | Note
-------+----------+-------------------------------------------
     0 | D:1      | Ivernyr the Formicid Fighter began the quest for the Orb.
     0 | D:1      | Reached XP level 1. HP: 18/18 MP: 1/1
   131 | D:1      | Reached XP level 2. HP: 22/24 MP: 2/2
   469 | D:1      | Found a faded altar of an unknown god.
   734 | D:2      | Reached XP level 3. HP: 18/29 MP: 3/3
   805 | D:2      | Noticed Natasha
   816 | D:2      | Killed Natasha
   817 | D:2      | Reached XP level 4. HP: 16/37 MP: 4/4
  1013 | D:2      | Noticed Jessica
  1014 | D:2      | Noticed Natasha
  1037 | D:2      | Slain by a cerulean imp

Illustrated notes

Levels and vault maps discovered:
D:1:      wander_arrival_estate, layout_basic, basic_ecumenical_altar,
          nicolae_figureground_pulse
D:2:      layout_basic, minmay_vboxes, uniq_natasha, uniq_jessica

Skill      XL: |  1  2  3 |
---------------+----------+-----
Long Blades    | 3 |  3.0
Fighting       | |  3.7
Armour         | |  3.7
Shields        | |  4.5

Action                     |  1- 3 |  4- 6 || total
---------------------------+-------+-------++-------
  Melee: Long sword        |    49 |    14 ||    63
 Armour: Scale mail        |    21 |    15 ||    36
  Dodge: Dodged            |    27 |     8 ||    35
  Block: Buckler           |     9 |     7 ||    16
